 Dungeon Sprint DCSS version 0.28.0-1-gb440e238dd (webtiles) character file.

Game seed: 1969587151447256906

2389 Groucho the Protected (level 9, -2/93 HPs)
             Began as a Deep Dwarf Fighter on Feb 18, 2022.
             Was a Priest of Makhleb.
             Slain by a nine-headed hydra (4 damage)
             ... in the Dungeon (Sprint IX: "|||||||||||||||||||||||||||||").
             The game lasted 00:02:51 (1249 turns).

Groucho the Protected (Deep Dwarf Fighter)          Turns: 1249, Time: 00:02:52

Health: -2/93      AC: 12    Str: 23    XL:     9   Next: 22%
Magic:  9/9        EV: 14    Int: 10    God:    Makhleb [***...]
Gold:   0          SH:  7    Dex: 12    Spells: 8/8 levels left

rFire   . . .      SeeInvis .   n - +3 war axe (elec)
rCold   . . .      Faith    .   c - +0 buckler
rNeg    . . .      Spirit   .   p - +2 ring mail
rPois   .          Reflect  .   a - +0 helmet
rElec   .          Harm     .   (no cloak)
rCorr   .          Rampage  .   o - +0 pair of gloves
Will    +....      NoTele   +   (no boots)
Stlth   +.........              (no amulet)
HPRegen 0.00/turn               b - +2 ring of evasion
MPRegen 0.11/turn               q - +2 ring of evasion

@: invisible
A: damage resistance, heal wounds, sense surroundings 2, no regeneration
a: Heal Wounds, Renounce Religion, Minor Destruction, Lesser Servant of Makhleb


You were in the Dungeon.
You worshipped Makhleb.
Makhleb was most pleased with you.
You visited 1 branch

Inventory:

Hand Weapons
 m - a +2 dire flail of protection
 n - a +3 war axe of electrocution (weapon)
Armour
 a - a +0 helmet (worn)
 c - a +0 buckler (worn)
 o - a +0 pair of gloves (worn)
 p - a +2 ring mail (worn)
Jewellery
 b - a +2 ring of evasion (left hand)
 q - a +2 ring of evasion (right hand)
Wands
 l - a wand of iceblast (7)
Scrolls
 k - 2 scrolls of amnesia
Potions
 d - a potion of might
 g - a potion of haste
 h - 4 potions of magic
 i - 4 potions of curing


   Skills:
 + Level 10.2 Fighting
 + Level 11.8 Axes
 + Level 12.1 Armour
 + Level 12.1 Shields


You had 8 spell levels left.
You didn't know any spells.
Your spell library was empty.

Dungeon Overview and Level Annotations

Branches:
Dungeon (1/1)

Altars:
Cheibriados
Dithmenos
Elyvilon
Fedhas
Gozag
Hepliaklqana
Kikubaaqudgha
Makhleb
Nemelex Xobeh
Okawaru
Qazlal
Ru
Sif Muna
Trog
Uskayaw
Vehumet
Wu Jian
Xom
Yredelemnul
Zin
The Shining One
Beogh
Jiyva
Lugonu


Innate Abilities, Weirdness & Mutations

You are resistant to damage.
You can heal yourself by infusing magical energy.
You passively map the area around you.
You do not regenerate.


Message History

You feel stronger. x2
Your attunement to dungeon structure grows.
Unknown command.
Unknown command.
The cyclops barely misses you.
There is an open door, spattered with blood here.
Things that are here:
a +0 shortbow; 21 arrows You slash the cyclops!
The cyclops is almost dead.
The cyclops barely misses you.
You slash the cyclops! Lightning courses through the cyclops!!
You kill the cyclops!
Makhleb accepts your kill.
You feel better.
Your Shields skill increases to level 12!
You lop one of the seven-headed hydra's heads off!
The six-headed hydra grows two more!
You slash the eight-headed hydra!
The eight-headed hydra is moderately wounded.
You block the eight-headed hydra's attack.
The eight-headed hydra completely misses you.
The eight-headed hydra misses you.
You block the eight-headed hydra's attack.
The eight-headed hydra barely misses you.
The eight-headed hydra closely misses you.
The eight-headed hydra bites you!
* * * LOW HITPOINT WARNING * * *
The eight-headed hydra barely misses you.
You slice one of the eight-headed hydra's heads off!
The seven-headed hydra grows two more!
You slice the nine-headed hydra!!
Lightning courses through the nine-headed hydra!!
The nine-headed hydra is severely wounded.
The nine-headed hydra closely misses you.
The nine-headed hydra completely misses you.
The nine-headed hydra bites you!
* * * LOW HITPOINT WARNING * * *
The nine-headed hydra barely misses you.
The nine-headed hydra bites you but does no damage.
The nine-headed hydra bites you!
You die...

▓.▓ *
*∩
▓)▓
,*
▓)▓,
, ▓.▓
* ▓.▓
* ,*
*,
▓.▓,*
,*
▓†▓ *
,* *,
▓D▓
,*
▓@▓,*
* ▓(▓
, *
▓.▓ ,
,
▓.▓,
, ▓.▓
, *
▓.▓,
+ * *
, ▓.▓
*, *
▓+▓
,* *
* * *


You could see a nine-headed hydra.

Vanquished Creatures
  A centaur warrior (D)
  A manticore (D)
  2 cyclopes (D)
  An unseen horror (D)
  A yak (D)
  An acid dragon (D)
  A water moccasin (D)
  2 orc warriors (D)
  A scorpion (D)
  A howler monkey (D)
  A hound (D)
  A worm (D)
  A dart slug (D)
  An orc (D)
  A bat (D)
  2 hobgoblins (D)
  A quokka (D)
  A jackal zombie (D)
21 creatures vanquished.

Notes
Turn   | Place    | Note
-------+----------+-------------------------------------------
     0 | D        | Groucho the Deep Dwarf Fighter began the quest for the Orb.
     0 | D        | Reached XP level 1. HP: 20/20 MP: 1/1
    15 | D        | Reached XP level 2. HP: 28/28 MP: 2/2
    20 | D        | Noticed a water moccasin
    20 | D        | Noticed a scorpion
    33 | D        | Reached XP level 3. HP: 27/36 MP: 3/3
    59 | D        | Killed a water moccasin
    60 | D        | Reached skill level 5 in Fighting
    60 | D        | Reached XP level 4. HP: 8/46 MP: 4/4
    60 | D        | Reached XP level 5. HP: 10/52 MP: 5/5
   709 | D        | Found a snail-covered altar of Cheibriados.
   709 | D        | Found a shadowy altar of Dithmenos.
   709 | D        | Found a white marble altar of Elyvilon.
   709 | D        | Found a blossoming altar of Fedhas.
   709 | D        | Found an opulent altar of Gozag.
   710 | D        | Found a hazy altar of Hepliaklqana.
   711 | D        | Found a viscous altar of Jiyva.
   712 | D        | Found an ancient bone altar of Kikubaaqudgha.
   713 | D        | Found a corrupted altar of Lugonu.
   714 | D        | Found a burning altar of Makhleb.
   715 | D        | Found a sparkling altar of Nemelex Xobeh.
   716 | D        | Found an iron altar of Okawaru.
   717 | D        | Found a stormy altar of Qazlal.
   718 | D        | Found a sacrificial altar of Ru.
   719 | D        | Found a shimmering blue altar of Sif Muna.
   720 | D        | Found a bloodstained altar of Trog.
   721 | D        | Found a hide-covered altar of Uskayaw.
   722 | D        | Became a worshipper of Makhleb the Destroyer
   723 | D        | Found a radiant altar of Vehumet.
   724 | D        | Found an ornate altar of the Wu Jian Council.
   725 | D        | Found a shimmering altar of Xom.
   726 | D        | Found a basalt altar of Yredelemnul.
   727 | D        | Found a glowing silver altar of Zin.
   728 | D        | Found a glowing golden altar of the Shining One.
   781 | D        | Noticed an orc warrior
   781 | D        | Noticed a yak
   781 | D        | Noticed an orc warrior
   787 | D        | Killed an unseen horror
   788 | D        | Reached XP level 6. HP: 62/66 MP: 6/6
   793 | D        | Killed an orc warrior
   793 | D        | Reached * piety under Makhleb
   794 | D        | Reached XP level 7. HP: 47/72 MP: 7/7
   803 | D        | Killed a yak
   808 | D        | Reached ** piety under Makhleb
  1207 | D        | Noticed a cyclops
  1207 | D        | Noticed a manticore
  1207 | D        | Noticed a four-headed hydra
  1207 | D        | Noticed a cyclops
  1207 | D        | Noticed a centaur warrior
  1212 | D        | Reached skill level 10 in Armour
  1212 | D        | Reached skill level 10 in Shields
  1218 | D        | Killed a cyclops
  1219 | D        | Reached skill level 10 in Axes
  1219 | D        | Reached XP level 8. HP: 47/85 MP: 8/8
  1233 | D        | Killed a manticore
  1239 | D        | HP: 4/85 [centaur warrior (2)]
  1244 | D        | Killed a centaur warrior
  1244 | D        | Reached *** piety under Makhleb
  1245 | D        | Reached skill level 10 in Fighting
  1245 | D        | Gained mutation: You passively map the area around you.
                  | [Deep Dwarf growth]
  1245 | D        | Reached XP level 9. HP: 9/93 MP: 9/9
  1247 | D        | Killed a cyclops
  1249 | D        | HP: 2/93 [nine-headed hydra (6)]
  1249 | D        | Slain by a nine-headed hydra

Illustrated notes

Levels and vault maps discovered:
D:        linesprint [early_d, line_temple, items_1, d_10, items_2, lair_1,
          lair_end, items_3, orc_1, orc_end, items_4, d_15, swamp_1, shoals_1,
          snake_1, spider_1, d_20, vaults_1, items_5, swamp_end, shoals_end,
          snake_end, spider_end, vaults_end, d_27, items_6, zot_1, zot_end,
          crypt_end, forest_end, elf_end, slime_end, tomb_end, abyss_end,
          pan_hell_end]

Skill      XL: |  1  2  3  4  5  6  7  8  9 |
---------------+----------------------------+-----
Fighting       | 3 4 5 7 9 10 | 10.2
Axes           | 3 4 6 8 10 11 | 11.8
Armour         | 4 6 8 9 10 12 | 12.1
Shields        | 4 6 8 9 10 11 12 | 12.1

Action                   |  1- 3 |  4- 6 |  7- 9 || total
-------------------------+-------+-------+-------++-------
Melee: War axe           |    46 |    14 |    44 ||   104
 Abil: Heal Wounds       |       |     2 |     1 ||     3
Evoke: Wand              |       |       |     3 ||     3
  Use: Potion            |     3 |       |     3 ||     6
       Scroll            |       |       |     2 ||     2
Armor: Scale mail        |    21 |       |       ||    21
       Ring mail         |       |     6 |    21 ||    27
Dodge: Dodged            |    22 |     5 |    56 ||    83
Block: Buckler           |    11 |       |    13 ||    24
